 Dungeon Crawl Stone Soup version 0.16.2-2-g470672f (webtiles) character file.

56 FruitAndGarbage the Insei (level 3, 0/23 HPs)
             Began as an Octopode Transmuter on Aug 17, 2015.
             Slain by a hobgoblin (6 damage)
             ... led by Robin
             ... on level 2 of the Dungeon.
             The game lasted 00:03:17 (1001 turns).

FruitAndGarbage the Insei (Octopode Transmuter)     Turns: 1001, Time: 00:03:17

Health: 0/23       AC:  1    Str:  9    XL:     3   Next: 95%
Magic:  5/6        EV: 12    Int: 16    God:
Gold:   21         SH:  0    Dex: 12    Spells: 3 memorised, 0 levels left

rFire  . . .     SeeInvis .       - Unarmed
rCold  . . .     Clarity  .     (no shield)
rNeg   . . .     SustAb   .     (helmet restricted)
rPois  .         Gourm    .     (no amulet)
rElec  .         Spirit   .     (no ring)
rCorr  .         Warding  .     (no ring)
rMut   .         Stasis   .     (no ring)
MR     .....                    (no ring)
Stlth  +++.......               (no ring)
                                (no ring)
                                (no ring)
                                (no ring)

@: not resistant to hostile enchantments, fairly stealthy
A: almost no armour, amphibious, 8 rings, constrict 8, camouflage 1, gelatinous
body 1
a: no special abilities


You were on level 2 of the Dungeon.
You were hungry.

You visited 1 branch of the dungeon, and saw 2 of its levels.

You collected 21 gold pieces.

Inventory:

Missiles
 b - 31 arrows
Scrolls
 c - a scroll of fog {unknown}
 e - a scroll of enchant weapon {unknown}
 f - 2 scrolls of fear {unknown}
 h - 2 scrolls of magic mapping {unknown}
 j - a scroll of noise {unknown}
 l - a scroll of recharging {unknown}
 n - a scroll of remove curse {unknown}
Potions
 g - a potion of haste {unknown}
 k - a potion of restore abilities {unknown}
Books
 d - a book of Changes

   Spells                             Type                      Level
   a - Beastly Appendage              Transmutation                1
   b - Sticks to Snakes               Transmutation                2
   c - Spider Form                    Transmutation/Poison         3
   d - Ice Form                       Ice/Transmutation            4
   e - Blade Hands                    Transmutation                5
Comestibles
 a - a bread ration
 m - a slice of pizza


   Skills:
 * Level 1.6 Fighting
 + Level 2.2 Dodging
 * Level 1.7 Stealth
 + Level 3.7 Unarmed Combat
 * Level 2.1 Spellcasting
 * Level 2.3 Transmutations
 + Level 0.2 Poison Magic


You couldn't memorise any spells.
You knew the following spells:

 Your Spells              Type           Power        Failure   Level  Hunger
a - Beastly Appendage     Trmt           #.....       10%         1    #......
b - Sticks to Snakes      Trmt           #.........   14%         2    ###....
c - Spider Form           Trmt/Pois      #.........   38%         3    ###....


Dungeon Overview and Level Annotations

Branches:
Dungeon (2/15)

Altars:


Innate Abilities, Weirdness & Mutations

You cannot wear most types of armour.
You are amphibious.
You can wear up to eight rings at the same time.
You can use your tentacles to constrict many enemies at once.
Your skin changes colour to match your surroundings (Stealth).
Your rubbery body absorbs attacks (AC +1).


Message History

Robin hits you with a short sword of speed.
You tentacle-slap Robin. You squeeze Robin!
You kill Robin!
You closely miss the goblin. Your grab misses the goblin.
The hobgoblin hits you. The goblin hits you but does no damage.
You closely miss the hobgoblin.
The hobgoblin shouts!
Your grab misses the hobgoblin. The hobgoblin hits you.
You tentacle-slap the hobgoblin. You grab the hobgoblin.
The hobgoblin is lightly wounded.
You constrict the hobgoblin. The hobgoblin barely misses you.
You tentacle-slap the goblin. Your grab misses the goblin.
You squeeze the goblin.
You kill the goblin!
You constrict the hobgoblin, but do no damage.
The hobgoblin hits you.
* * * LOW HITPOINT WARNING * * *
An adder comes into view.
You release your grip on the hobgoblin.
The hobgoblin hits you.
You die...

#.#
#g############
#..g.g.#.......
######....####
#......#......
#.###g...####
##.###.#.##
#...ogg).#
.S...###@### ..
#<# #(...#
####.# #


You could see an orc, 3 hobgoblins and a goblin (frenzied).

Vanquished Creatures
  Robin (D:2)
  2 giant mites (D:1)
  2 giant geckos (D:1)
  3 bats (D:1)
  5 hobgoblins
  4 kobolds (D:1)
  A ball python (D:1)
  A giant cockroach (D:1)
  2 giant newts (D:1)
  8 goblins
  4 rats (D:1)
33 creatures vanquished.

Notes
Turn   | Place    | Note
--------------------------------------------------------------
     0 | D:1      | FruitAndGarbage, the Octopode Transmuter, began the quest for the Orb.
     0 | D:1      | Reached XP level 1. HP: 13/13 MP: 3/3
    53 | D:1      | Reached XP level 2. HP: 12/18 MP: 2/4
    59 | D:1      | Learned a level 2 spell: Sticks to Snakes
   396 | D:1      | Reached XP level 3. HP: 17/23 MP: 4/6
   527 | D:1      | Reached skill level 1 in Stealth
   811 | D:2      | Learned a level 3 spell: Spider Form
   819 | D:2      | Noticed Robin
   996 | D:2      | Killed Robin
  1001 | D:2      | Slain by a hobgoblin

Action                   || total
-------------------------++-------
Melee: Unarmed           ||    70
 Cast: Beastly Appendage ||     2
       Spider Form       ||     1
 Stab: Sleeping          ||     7
